 Seeded DCSS version 0.29.1-15-g9cfb28693d (webtiles) character file.

Game seed: 10201319926412209598 (custom seed)

11014 fireball365 the Cleaver (level 11, -2/102 HPs)
             Began as a Hill Orc Fighter on Oct 11, 2023.
             Was an Initiate of Gozag.
             Slain by an unseen horror zombie (5 damage)
             ... on level 10 of the Dungeon.
             The game lasted 00:18:12 (9069 turns).

fireball365 the Cleaver (Hill Orc Fighter)          Turns: 9069, Time: 00:18:17

Health: -2/102     AC: 25    Str: 23    XL:     11   Next: 71%
Magic:  11/11      EV: 11    Int: 10    God:    Gozag
Gold:   1367       SH:  7    Dex: 14    Spells: 10/10 levels left

rFire   . . .      SeeInvis .   I - +1 broad axe (flame)
rCold   . . .      Faith    .   c - +0 buckler
rNeg    . . .      Spirit   .   k - +0 plate armour
rPois   +          Reflect  .   N - +1 helmet {Int+3}
rElec   .          Harm     .   y - +0 cloak
rCorr   .          Rampage  .   K - +0 pair of gloves
Will    .....                   t - +0 pair of boots
Stlth   ..........              o - amulet of regeneration
HPRegen 1.07/turn               m - +4 ring of evasion
MPRegen 0.12/turn               E - +4 ring of protection

@: gold aura
A: agile 1, poison resistance
a: Renounce Religion, Potion Petition, Call Merchant, Bribe Branch


You were on level 10 of the Dungeon.
You worshipped Gozag.
Gozag was most pleased with you.
You visited 2 branches of the dungeon, and saw 11 of its levels.
You also visited: Ossuary.

You collected 1631 gold pieces.
You spent 184 gold pieces at shops.
You paid 80 gold pieces to Gozag.

Inventory:

Hand Weapons
 g - a +4 dire flail
 I - a +1 broad axe of flaming (weapon)
Armour
 c - a +0 buckler (worn)
 k - a +0 plate armour (worn)
 t - a +0 pair of boots (worn)
 y - a +0 cloak (worn)
 K - a +0 pair of gloves (worn)
 N - a +1 helmet of intelligence (worn)
Jewellery
 i - the ring "Kefuzaed" {Wiz rC+}
   (You found it on level 2 of the Dungeon)

   [ring of wizardry]

   It improves your spell success rate.
   rC:        It protects you from cold.
 m - a +4 ring of evasion (left hand)
 o - an amulet of regeneration (around neck)
 p - a ring of resist corrosion
 x - a +6 ring of intelligence
 E - a +4 ring of protection (right hand)
 G - an amulet of magic regeneration
 J - an amulet of the acrobat
Wands
 n - a wand of polymorph (10)
 M - a wand of roots (9)
Scrolls
 f - 7 scrolls of teleportation
 h - 4 scrolls of amnesia
 l - 4 scrolls of fear
 r - a scroll of immolation {unknown}
 s - a scroll of silence {unknown}
 w - a scroll of magic mapping {unknown}
 A - a scroll of vulnerability
 C - 2 scrolls of brand weapon
 D - 3 scrolls of poison
 L - a scroll of enchant weapon {unknown}
 O - a scroll of butterflies {unknown}
 P - a scroll of acquirement {unknown}
 Q - a scroll of blinking {unknown}
Potions
 b - 2 potions of attraction
 d - 5 potions of might
 e - 4 potions of flight
 j - 8 potions of ambrosia
 q - 2 potions of lignification
 u - 3 potions of heal wounds
 v - 7 potions of curing
 z - 3 potions of brilliance
 B - 4 potions of mutation
 F - 2 potions of degeneration
 H - a potion of invisibility
Miscellaneous
 a - a piece from Xom's chessboard (15/15)


   Skills:
 + Level 11.5 Fighting
 + Level 12.2 Axes
 + Level 10.5 Armour
 + Level 10.5 Shields


You had 10 spell levels left.
You didn't know any spells.
Your spell library contained the following spells:

 Spells                   Type           Power      Damage    Failure   Level
 Ensorcelled Hibernation  Hex/Ice        0%         N/A       100%        2
 Passwall                 Tmut/Erth      0%         N/A       100%        2
 Dazzling Flash           Conj/Hex       0%         N/A       100%        3
 Gell's Gravitas          Tloc           0%         N/A       100%        3
 Portal Projectile        Hex/Tloc       0%         N/A       100%        3
 Swiftness                Air            0%         N/A       100%        3
 Teleport Other           Tloc           0%         N/A       100%        3
 Tukima's Dance           Hex            0%         N/A       100%        3
 Hailstorm                Conj/Ice       0%         3d3       100%        4
 Ice Form                 Ice/Tmut       0%         N/A       100%        4
 Iskenderun's Mystic Bla  Conj/Tloc      0%         2d3       100%        4
 Blade Hands              Tmut           0%         N/A       100%        5
 Dispersal                Tloc           0%         N/A       100%        6
 Starburst                Conj/Fire      0%         6d3       100%        6
 Simulacrum               Ice/Necr       Unusable   N/A       N/A         6

Dungeon Overview and Level Annotations

Branches:
Dungeon (10/15)            Temple (1/1) D:5         Ossuary (visited)
   Lair: D:8-11         Orc: D:9-12

Altars:
Ashenzari
Cheibriados
Elyvilon
Gozag
Hepliaklqana
Kikubaaqudgha
Makhleb
Nemelex Xobeh
Okawaru
Qazlal
Ru
Trog
Uskayaw
Vehumet
Wu Jian
Xom
Yredelemnul
Zin
The Shining One

Shops:
D:4 (


Innate Abilities, Weirdness & Mutations

You are agile. (Dex +4, Str/Int -1)
Your system is resistant to poisons. (rPois)


Message History

The unseen horror zombie hits you but does no damage.
You block the wraith's attack.
You hit the unseen horror zombie. You burn the unseen horror zombie.
The unseen horror zombie is almost destroyed.
You hit the centaur warrior zombie. You burn the centaur warrior zombie.
You closely miss the wraith.
You barely miss the unseen horror zombie.
You block the unseen horror zombie's attack.
The unseen horror zombie barely misses you.
The unseen horror zombie hits you but does no damage.
The unseen horror zombie hits you.
* * * LOW HITPOINT WARNING * * *
The centaur warrior zombie hits you.
* * * LOW HITPOINT WARNING * * *
The centaur warrior zombie kicks you but does no damage.
The unseen horror zombie hits you but does no damage. x2
The wraith hits you but does no damage.
You barely miss the unseen horror zombie.
The unseen horror zombie is almost destroyed.
You slash the wraith! You burn the wraith. You slash the unseen horror zombie!
You burn the unseen horror zombie. You hit something. You burn something.
The unseen horror zombie hits you but does no damage.
You block the unseen horror zombie's attack.
The unseen horror zombie hits you but does no damage.
You block the unseen horror zombie's attack.
The unseen horror zombie hits you but does no damage.
The unseen horror zombie closely misses you.
The wraith hits you but does no damage.
The unseen horror zombie hits you but does no damage.
The shadow strikes at you from the darkness!
* * * LOW HITPOINT WARNING * * *
Reactivating autopickup.
You barely miss the unseen horror zombie.
The unseen horror zombie is almost destroyed.
You hit the wraith. You burn the wraith. You slash the unseen horror zombie!
You burn the unseen horror zombie.
You destroy the unseen horror zombie!
You slash the shadow! You burn the shadow. The unseen horror zombie hits you.
You die...
Your body crumbles into a pile of gold.

######## #......##
#######.......##########
.....#....8............#
..............###.......
..8.............+.......
.......Z.$$$.####.......
.....$WZW$.$............
.....W$@....#......###..
.........####......# ###
.######.... #......#
#............#
#........#####
#......>.# .#........ .
......#


You could see a wraith, 2 shadows, a centaur warrior zombie and an unseen horror
zombie.

Vanquished Creatures
  A two-headed ogre (D:9)
  A gargoyle (D:7)
  2 unseen horror zombies (D:10)
  A queen bee (D:9)
  A slime creature (D:7)
  2 shadows (D:10)
  21 yaks
  A wraith (D:10)
  2 steam dragons
  An acid dragon (D:9)
  2 water moccasins
  An ice beast (D:7)
  2 orc warriors (D:9)
  4 ogres
  A sky beast (D:7)
  3 centaurs
  A phantom (D:7)
  4 kobold brigands
  2 necrophages
  2 gnoll sergeants
  3 scorpions
  A wyvern zombie (Ossuary)
  4 wights (D:8)
  2 water moccasin zombies (Ossuary)
  29 killer bees (D:9)
  A howler monkey (D:8)
  8 centaur zombies
  6 orc priests
  8 bullfrog zombies (Ossuary)
  A jelly (D:5)
  2 gnoll boudas
  Natasha (thrice) (D:2)
  2 iguanas
  8 orc wizards
  3 killer bee zombies (Ossuary)
  14 mummies (Ossuary)
  A howler monkey zombie (Ossuary)
  18 gnolls
  5 adders
  A white imp (D:6)
  2 ufetubi (D:4)
  A worm (D:5)
  A dart slug (D:3)
  29 orcs
  10 bats
  6 endoplasms
  5 giant cockroaches
  7 goblins
  8 hobgoblins
  15 jackals
  21 kobolds
  5 quokkas
  8 ball pythons
  6 frilled lizards
  5 rats (D:1)
304 creatures vanquished.

Vanquished Creatures (others)
  5 withered plants (Ossuary)
5 creatures vanquished.

Grand Total: 309 creatures vanquished

Notes
Turn   | Place    | Note
-------+----------+-------------------------------------------
     0 | D:1      | fireball365 the Hill Orc Fighter began the quest for the
                  | Orb.
     0 | D:1      | Reached XP level 1. HP: 19/19 MP: 1/1
   169 | D:1      | Reached XP level 2. HP: 23/27 MP: 2/2
   279 | D:1      | Reached skill level 3 in Axes
   675 | D:1      | Reached XP level 3. HP: 31/33 MP: 3/3
  1107 | D:1      | Found a faded altar of an unknown god.
  1489 | D:2      | Noticed Natasha
  1519 | D:2      | Killed Natasha
  1520 | D:2      | Reached XP level 4. HP: 12/40 MP: 4/4
  1547 | D:2      | Noticed Natasha
  1556 | D:2      | Killed Natasha
  2011 | D:2      | Gained mutation: You are agile. (Dex +4, Str/Int -1)
                  | [potion of mutation]
  2011 | D:2      | Gained mutation: Your system is resistant to poisons.
                  | (rPois) [potion of mutation]
  2093 | D:2      | Identified the ring "Kefuzaed" {Wiz rC+}
  2325 | D:2      | Noticed Natasha
  2338 | D:2      | Killed Natasha
  2339 | D:2      | Reached skill level 4 in Axes
  2339 | D:2      | Reached XP level 5. HP: 31/47 MP: 5/5
  2568 | D:3      | You fall into a shaft and drop 3 floors!
  2605 | D:5      | Entered Level 5 of the Dungeon
  2621 | D:5      | Reached skill level 5 in Fighting
  2621 | D:5      | Reached XP level 6. HP: 49/56 MP: 6/6
  2632 | D:5      | Reached skill level 5 in Axes
  2638 | D:5      | Reached skill level 5 in Armour
  2638 | D:5      | Reached skill level 5 in Shields
  2638 | D:5      | Reached XP level 7. HP: 31/61 MP: 7/7
  2640 | D:5      | Found a sand-covered staircase.
  2669 | Ossuary  | Entered an ossuary
  2755 | Ossuary  | Reached skill level 6 in Axes
  2778 | Ossuary  | Reached XP level 8. HP: 46/71 MP: 8/8
  3010 | Ossuary  | Reached skill level 7 in Axes
  3346 | D:4      | Found a basalt altar of Yredelemnul.
  3713 | D:3      | Found a glowing golden altar of the Shining One.
  4339 | D:4      | Found Wojisoc's Weapon Emporium.
  4350 | D:4      | Bought a +1 broad axe of flaming for 184 gold pieces
  4559 | D:5      | Reached XP level 9. HP: 79/79 MP: 9/9
  4572 | D:5      | Found a sacrificial altar of Ru.
  4771 | D:5      | Found a staircase to the Ecumenical Temple.
  4802 | Temple   | Entered the Ecumenical Temple
  4959 | D:5      | Found a white marble altar of Elyvilon.
  4960 | D:5      | Found an iron altar of Okawaru.
  4997 | D:5      | Found a sparkling altar of Nemelex Xobeh.
  5001 | D:5      | Found a glowing silver altar of Zin.
  5053 | D:5      | Reached skill level 8 in Axes
  5848 | Temple   | Became a worshipper of Gozag Ym Sagoz the Greedy
  6261 | D:7      | Reached skill level 9 in Axes
  6544 | D:7      | Noticed a gargoyle
  6558 | D:7      | Killed a gargoyle
  6614 | D:7      | Reached XP level 10. HP: 77/91 MP: 10/10
  6806 | D:8      | Reached skill level 10 in Axes
  7684 | D:9      | Noticed a two-headed ogre
  7688 | D:9      | Killed a two-headed ogre
  7689 | D:9      | Reached skill level 10 in Fighting
  7909 | D:9      | Found a shimmering altar of Xom.
  8189 | D:9      | Reached skill level 11 in Axes
  8203 | D:9      | Reached XP level 11. HP: 87/101 MP: 11/11
  8334 | D:9      | Found a snail-covered altar of Cheibriados.
  8528 | D:9      | Reached skill level 10 in Armour
  8528 | D:9      | Reached skill level 10 in Shields
  8852 | D:10     | Entered Level 10 of the Dungeon
  8900 | D:10     | Reached skill level 12 in Axes
  9068 | D:10     | HP: 2/102 [something (23)]
  9069 | D:10     | Slain by an unseen horror zombie

Illustrated notes

Levels and vault maps discovered:
D:1:      minmay_arrival_glassed_features, layout_loops_corners,
          dilly_ecumenical_altar_fadedgnrine
D:2:      layout_loops_ring, uniq_natasha
D:3:      layout_rooms, tso_metal_star, grunt_decor_one_mirror
D:4:      layout_basic, yredelemnul_altar_generic, serial_shops, shop,
          kennysheep_nub
D:5:      layout_rooms, nicolae_overflow_hidden_temple,
          minmay_temple_entry_sparse_star, nicolae_ossuary_entry_plus,
          kennysheep_potato
D:6:      layout_rooms
D:7:      layout_basic, wad_mini_maze
D:8:      layout_basic, eino_tiny_chamber
D:9:      layout_roguey [special_room_bee], lemuel_round_altar,
          mainiacjoe_overflow_cross_hatched, chequers_decorated_corner
D:10:     layout_basic, fedhas_altar_fruit_tree, serial_undead, serial_undead_d,
          serial_undead_a, serial_undead_f, serial_undead_d, st_stairs_12,
          uniq_joseph, uniq_lodul
Temple:   hellmonk_temple_forest_ring

Skill      XL: |  1  2  3  4  5  6  7  8  9 10 11 |
---------------+----------------------------------+-----
Axes           | 3 4 5 6 7 9 11 12 | 12.2
Fighting       | 4 5 6 7 9 10 11 | 11.5
Armour         | 4 5 6 8 9 10 | 10.5
Shields        | 4 5 6 8 9 10 | 10.5

Action                   |  1- 3 |  4- 6 |  7- 9 | 10-12 || total
-------------------------+-------+-------+-------+-------++-------
Melee: War axe           |   127 |    77 |   273 |       ||   477
       Broad axe         |       |       |   154 |   334 ||   488
  Use: Scroll            |       |     2 |       |    13 ||    15
       Potion            |       |     1 |     3 |       ||     4
 Stab: Distracted        |       |       |       |     2 ||     2
Armor: Scale mail        |    61 |       |       |       ||    61
       Plate armour      |    40 |    81 |   326 |   286 ||   733
Dodge: Dodged            |    91 |    54 |   279 |   194 ||   618
Block: Buckler           |    45 |    30 |   147 |   137 ||   359
